woodfighter, lawful female human Monk ------------- ---------- |...........| ##..........#### |........q..| ----- # |.{......| |...$...@.... ---------- #####-...|### |........| -------.-+--- |.........###### |...|# |.^......| # # |.....[..|### # |...|# |........| ### |.{......-# ##-...-# |.........## % ---------- ----- -|-------- # ### # ### # # ###### ###--|----- #....{%.| |.`.<%.| |......| |....(.| -------- woodfighter the Novice Experience level: 4 Strength: 16 Dexterity: 12 Constitution: 11 Intelligence: 9 Wisdom: 19 Charisma: 8 Health: 0(34) Energy: 34(34) Def: 6 Gold: 745 Moves: 1443 Dungeon seed: IcZH6j3_DTTfFALi Game ID: woodfighter_1533712363 Your Inventory: Coins $ - 745 gold pieces Weapons k - 12 +0 shuriken (in quiver) Armor e - a blessed +2 pair of leather gloves (being worn) n - an uncursed +1 robe (being worn) z - an uncursed +0 orcish helm N - a blessed +0 orcish helm Comestibles d - 5 uncursed food rations g - 7 uncursed oranges B - an uncursed sprig of wolfsbane Scrolls b - an uncursed scroll of earth l - an uncursed scroll of identify s - 2 uncursed scrolls of scare monster x - an uncursed scroll of teleportation G - a cursed scroll of destroy armor H - a cursed scroll of punishment I - an uncursed scroll of scare monster Spellbooks a - a blessed spellbook of sleep v - an uncursed spellbook of jumping A - a blessed spellbook of wizard lock Potions c - 3 uncursed potions of healing m - an uncursed potion of object detection p - an uncursed potion of levitation t - an uncursed potion of water w - an uncursed potion of speed Rings R - an uncursed ring of see invisible Wands i - a wand of enlightenment (0:3) K - a wand of cancellation (0:4) Tools j - an uncursed oil lamp (0:1237) y - an uncursed skeleton key Gems q - 2 uncursed worthless pieces of green glass r - an uncursed worthless piece of yellow glass Spells and supernatural/magical abilities: Name Level Category Fail Memory z - sleep 2 enchantment 88% 93% W - pray for help -- divine ? -- Your skills at the end: Miscellaneous Skills martial arts [Basic] wands [Basic] Weapon Skills shuriken [Basic] Spellcasting Skills healing spells [Basic] Final Attributes: You were fervently aligned. You were sleep resistant. You were poison resistant. You saw invisible. You were stealthy. You were fast. You are dead. Vanquished creatures: a pony a gray ooze a floating eye a jitterbug 2 geckos a cave spider a brown mold a green mold a red mold 3 gnomes 5 jackals a fox 3 newts 2 goblins a grid bug 4 lichens a kobold zombie 30 creatures vanquished. Voluntary challenges: You were vegetarian. You did not adorn yourself with jewelry or accessories. You did not cause conflict. You were not invisible. You did not have reflection. You were not displaced. You were an atheist. You never hit with a wielded weapon. You did not apply a unicorn horn. You did not use plumbed fixtures. You did not drink any magical draughts. You read items or engraved 5 times, starting on turn 932. You never genocided any monsters. You never polymorphed an object. You never changed form. You used no wishes. You never split a pudding. You never wrote Elbereth's name. You never violated your personal moral code. Dungeon overview: The Dungeons of Doom: levels 1 to 5 Level 1 (vault) a long staircase Level 2 (water) a fountain stairs to The Gnomish Mines Level 3 a sink Level 4 a sink Level 5 (vault) <- You were here some fountains The Gnomish Mines: Level 3 stairs to The Dungeons of Doom History has recorded: On T:1 you entered the Dungeons of Doom to retrieve the Amulet of Yendor! On T:262 you reached level 2 of The Dungeons of Doom. On T:464 you reached level 1 of The Gnomish Mines. On T:508 you reached level 3 of The Dungeons of Doom. On T:526 you advanced to experience level 2. On T:871 you advanced to experience level 3. On T:884 you reached level 4 of The Dungeons of Doom. On T:957 you reached level 5 of The Dungeons of Doom. On T:1378 you advanced to experience level 4. Score breakdown: Gold: 745 ( 74 points) Experience: 4 levels ( 300 points) Exploration: 5 levels ( 120 points) Discoveries: 18 items ( 900 points) Variety of kills: 17 monsters ( 850 points) Major goal: (nothing yet) ( 0 points) Survival: died (score multiplied by 3) Total score: 6732 Latest messages: You see here a gnome corpse. You hear someone counting money. The door opens. You stop exploring. The pony kicks! The pony bites! You strike the pony! The pony kicks! The pony bites! You kill the pony! R - a black onyx ring. You stop exploring. The gecko bites! You kill the gecko! You see here a gecko corpse. You stop exploring. You strike the gray ooze! You kill the gray ooze! You kill the jitterbug! The rothe misses. The rothe bites! (2x) You hear someone counting money. You strike the rothe! The rothe claws you! The rothe bites! (2x) You die... Final status: Goodbye woodfighter the Monk, killed by a rothe... You died in The Dungeons of Doom on dungeon level 5 with 6732 points, and 745 pieces of gold, after 1443 moves. You were level 4 with a maximum of 34 hit points when you died.